 Dungeon Crawl Stone Soup version 0.31.0-4-g52a2dc7128 (webtiles) character file.

Game seed: 11252643882036099284

504 Zeor the Shooter (level 7, -3/39 HPs)
             Began as a Tengu Hexslinger on Jan 22, 2024.
             Was a Follower of Okawaru.
             Slain by Edmund
             ... wielding a +5 flail of protection
              (6 damage)
             ... on level 4 of the Dungeon.
             The game lasted 00:19:57 (3755 turns).

Zeor the Shooter (Tengu Hexslinger)                 Turns: 3755, Time: 00:19:58

Health: -3/39      AC:  7    Str:  8      XL:     7   Next: 17%
Magic:  6/11       EV: 17    Int: 20      God:    Okawaru [*.....]
Gold:   376        SH:  0    Dex: 16 (18) Spells: 2/10 levels left

rFire   . . .        a - +2 sling (freeze)
rCold   . . .        (no shield)
rNeg    . . .        y - +3 leather armour
rPois   .            (helmet restricted)
rElec   .            s - +0 cloak
rCorr   .            (no gloves)
SInv    .            (boots unavailable)
Will    .....        (no amulet)
Stlth   +            h - +6 ring of intelligence
HPRegen 0.26/turn    (no ring)
MPRegen 0.12/turn

%: acrobat
@: weak-willed, flying
A: beak, talons 3, evasive flight, acrobatic
a: Renounce Religion, Heroism


You were on level 4 of the Dungeon.
You worshipped Okawaru.
Okawaru was aware of your devotion.
You visited 2 branches of the dungeon, and saw 5 of its levels.
You also visited: Sewer.

You collected 1253 gold pieces.
You spent 877 gold pieces at shops.

Inventory:

Hand Weapons
 a - a +2 sling of freezing (weapon)
 u - a +0 orcbow
 v - a +4 hand axe of electrocution
 x - a +0 rapier
Armour
 s - a +0 cloak (worn)
 w - the +3 plate armour of the Stag {rPois rN+ Stlth+}
   (You found it in a sewer)

   rPois:     It protects you from poison rN+: It protects you from negative
   energy.
   Stlth+:    It makes you more stealthy.
 y - a +3 leather armour (worn)
Jewellery
 h - a +6 ring of intelligence (left hand)
Scrolls
 b - a scroll of poison
 m - a scroll of torment
 n - 3 scrolls of teleportation
 o - a scroll of enchant armour
 p - a scroll of fear
 q - a scroll of fog
 r - a scroll of amnesia
Potions
 d - 2 potions of haste
 e - a potion of heal wounds
 f - a potion of resistance
 g - 2 potions of enlightenment
 i - 2 potions of curing
 j - a potion of lignification
 k - a potion of might
 l - 2 potions of magic
 t - a potion of ambrosia {unknown}


   Skills:
 + Level 1.7 Fighting
 + Level 5.6 Ranged Weapons
 * Level 3.8 Dodging
 + Level 0.2 Stealth
 * Level 2.2 Spellcasting
 * Level 2.8 Hexes
 + Level 1.1 Fire Magic
 * Level 2.0 Invocations


You had 2 spell levels left.
You knew the following spells:

 Your Spells              Type           Power      Damage    Failure   Level
a - Inner Flame           Hex/Fire       10%        N/A       30%         3
j - Jinxbite              Hex            26%        N/A       11%         2
s - Sigil of Binding      Hex            13%        N/A       21%         3

Your spell library contained the following spells:

 Spells                   Type           Power      Damage    Failure   Level
 Magic Dart               Conj           8%         1d3       22%         1
 Searing Ray              Conj           4%         2d4       34%         2
 Cause Fear               Hex            6%         N/A       56%         4
 Dimensional Bullseye     Hex/Tloc       4%         N/A       77%         4
 Fulminant Prism          Conj/Alch      1%         3d5       92%         4


Dungeon Overview and Level Annotations

Branches:
Dungeon (4/15)             Temple (1/1) D:4           Sewer (visited)

Altars:
Ashenzari
Cheibriados
Fedhas
Hepliaklqana
Kikubaaqudgha
Makhleb
Nemelex Xobeh
Okawaru
Qazlal
Ru
Sif Muna
Trog
Vehumet
Wu Jian
Xom
Yredelemnul

Shops:
D:3 !?*   D:4 (

Annotations:
D:4 Edmund


Innate Abilities, Weirdness & Mutations

You have a beak for a mouth.
You have claws for feet.
Your magical flight helps you evade attacks. (EV +4)
You can magically evade attacks while moving or waiting.


Message History

Edmund is heavily wounded.
You shoot a sling bullet.
The sling bullet hits Edmund but does no damage.
Edmund is heavily wounded.
Edmund misses you.
You shoot a sling bullet. The sling bullet hits Edmund.
The sling bullet freezes Edmund.
Edmund is severely wounded.
You feel like a meek peon again.
Edmund hits you with a +5 flail of protection.
Edmund hits you with a +5 flail of protection!
You shoot a sling bullet.
The sling bullet hits Edmund but does no damage.
Edmund is severely wounded.
Edmund hits you with a +5 flail of protection.
You shoot a sling bullet. The sling bullet hits Edmund.
The sling bullet freezes Edmund.
Edmund is almost dead.
Edmund seems less drained.
Edmund completely misses you.
You shoot a sling bullet. The sling bullet closely misses Edmund.
Edmund misses you.
You shoot a sling bullet.
The sling bullet hits Edmund but does no damage.
Edmund is almost dead.
Edmund misses you.
You shoot a sling bullet.
The sling bullet hits Edmund but does no damage.
Edmund is almost dead.
Edmund hits you with a +5 flail of protection.
You shoot a sling bullet.
The sling bullet completely misses Edmund.
Edmund hits you with a +5 flail of protection!
* * * LOW HITPOINT WARNING * * *
Edmund closely misses you.
You shoot a sling bullet. The sling bullet hits Edmund.
The sling bullet freezes Edmund.
Edmund is almost dead.
Edmund hits you with a +5 flail of protection.
You die...
Edmund says, "That'll show my brother!"

▒∙▒∙∙∙▒∙∙∙▒∙∙∙▒∙∙∙▒∙∙∙▒∙∙∙▒∙∙∙
▒∙▒▒▒▒▒∙∙∙▒∙∙∙▒▒▒▒▒∙∙∙▒∙∙∙▒▒▒▒
▒∙▒∙∙∙▒∙∙∙▒∙∙∙▒∙∙∙▒∙∙∙▒∙∙∙▒∙∙∙
▒▒∙∙∙∙∙▒∙▒▒▒∙▒∙∙∙∙∙▒∙▒▒▒∙▒∙∙∙∙
▒▒∙∙∙▒▒▒∙∙∙▒▒▒∙∙∙▒▒▒∙∙∙▒▒▒∙∙∙
▒▒∙▒▒▒@▒∙∙∙∙∙▒∙▒▒▒∙▒∙∙∙∙∙▒∙▒▒▒
▒∙∙∙▒∙∙∙▒∙∙∙▒∙∙∙▒∙∙∙▒∙∙∙▒∙∙∙▒∙
▒∙∙∙▒∙∙∙▒▒▒▒▒∙∙∙▒∙∙∙▒▒▒▒▒∙∙∙▒∙
▒∙∙∙▒∙)∙▒∙∙∙▒Q∙∙▒∙∙∙▒∙∙∙▒∙∙∙▒∙
▒▒∙▒▒▒∙▒∙∙∙∙@▒∙▒▒▒∙▒∙∙∙∙∙▒∙▒▒▒
▒▒∙∙∙▒▒▒∙∙∙▒▒▒∙∙∙▒▒▒∙∙∙▒▒▒∙∙∙
▒∙∙∙▒ ▒▒▒▒▒ ▒∙▒▒▒ ▒▒▒▒∙∙∙∙∙∙
▒▒∙∙▒▒▒▒▒▒▒ ▒∙▒ ▒∙▒▒▒▒▒
▒▒∙∙∙∙∙∙∙▒ ▒▒▒ ▒▒▒ ▒▒▒▒▒∙▒▒▒
▒▒▒ ▒∙▒ ▒∙∙ ▒∙▒▒▒▒♣♣ ░░░░░ ▒▒▒


You could see Edmund (swift).

Vanquished Creatures
  Eustachio (D:4)
  2 bullfrogs (Sewer)
  A jelly (D:4)
  An orc wizard (D:4)
  6 adders
  A river rat (D:4)
  8 dart slugs (Sewer)
  A ribbon worm (D:2)
  8 orcs
  8 endoplasms
  9 giant cockroaches
  4 goblins (D:1)
  6 hobgoblins
  4 jackals (D:2)
  4 quokkas
  6 ball pythons
  8 bats
  16 frilled lizards
  8 kobolds
  6 rats
108 creatures vanquished.

Notes
Turn   | Place    | Note
-------+----------+-------------------------------------------
     0 | D:1      | Zeor the Tengu Hexslinger began the quest for the Orb.
     0 | D:1      | Reached XP level 1. HP: 12/12 MP: 3/3
   164 | D:1      | Reached XP level 2. HP: 16/16 MP: 4/4
   215 | D:1      | Learned a level 2 spell: Jinxbite
   454 | D:1      | Reached skill level 3 in Ranged Weapons
   761 | D:2      | Reached XP level 3. HP: 10/20 MP: 2/5
   908 | D:2      | Found a faded altar of an unknown god.
  1178 | D:2      | Identified a scroll of acquirement
  1178 | D:2      | Acquired 937 gold pieces
  1237 | D:3      | Found Neotugge's Distillery.
  1243 | D:3      | Bought a potion of curing for 39 gold pieces
  1243 | D:3      | Bought a potion of haste for 130 gold pieces
  1243 | D:3      | Bought a potion of lignification for 39 gold pieces
  1243 | D:3      | Bought a potion of might for 52 gold pieces
  1243 | D:3      | Bought a potion of magic for 104 gold pieces
  1250 | D:3      | Found a sacrificial altar of Ru.
  1304 | D:3      | Reached XP level 4. HP: 25/25 MP: 4/7
  1335 | D:3      | Found an ancient bone altar of Kikubaaqudgha.
  1549 | D:3      | Found a burning altar of Makhleb.
  1631 | D:3      | Found Jecega's Assorted Antiques.
  1640 | D:3      | Bought a scroll labelled EHUVONNOA YTOE for 30 gold pieces
  1640 | D:3      | Bought a scroll labelled GUTUTTO BESHRIU for 30 gold pieces
  1640 | D:3      | Bought a scroll labelled RORAL HUJUWK for 30 gold pieces
  1640 | D:3      | Bought a scroll labelled WOXTYU GOPORGHA for 30 gold pieces
  1640 | D:3      | Bought a cloak for 135 gold pieces
  1749 | D:3      | Found Esmobiviy's Magic Scroll Emporium.
  1757 | D:3      | Bought a scroll of revelation for 90 gold pieces
  1757 | D:3      | Bought a scroll of fear for 48 gold pieces
  1757 | D:3      | Bought a scroll of teleportation for 36 gold pieces
  1757 | D:3      | Bought a scroll of fog for 48 gold pieces
  1757 | D:3      | Bought a scroll of identify for 24 gold pieces
  1757 | D:3      | Bought a scroll of noise for 12 gold pieces
  1936 | D:3      | Learned a level 3 spell: Sigil of Binding
  2138 | D:4      | Found a staircase to the Ecumenical Temple.
  2154 | Temple   | Entered the Ecumenical Temple
  2191 | Temple   | Became a worshipper of Warmaster Okawaru
  2256 | D:4      | Reached skill level 4 in Ranged Weapons
  2272 | D:4      | Found Kokhlumn's Weapon Shop.
  2301 | D:4      | Reached skill level 1 in Invocations
  2301 | D:4      | Reached XP level 5. HP: 18/29 MP: 8/8
  2401 | D:4      | Found a glowing drain.
  2423 | Sewer    | Entered a sewer
  2750 | Sewer    | Reached * piety under Okawaru
  2751 | Sewer    | Reached skill level 5 in Ranged Weapons
  2751 | Sewer    | Reached XP level 6. HP: 26/34 MP: 7/9
  2859 | Sewer    | Identified the +3 plate armour of the Stag {rPois rN+
                  | Stlth+}
  2910 | D:4      | Learned a level 3 spell: Inner Flame
  3169 | D:4      | Noticed Eustachio
  3210 | D:4      | Killed Eustachio
  3211 | D:4      | Gained mutation: Your magical flight helps you evade
                  | attacks. (EV +4) [Tengu growth]
  3211 | D:4      | Reached XP level 7. HP: 34/39 MP: 1/11
  3724 | D:4      | Noticed Edmund
  3755 | D:4      | Slain by Edmund

Illustrated notes

Levels and vault maps discovered:
D:1:      wheals_arrival_shading, layout_rooms, grunt_decor_arrowhead
D:2:      layout_rooms, shapermc_ecumenical_altar_mp_ritualfount
D:3:      layout_basic, lightli_temple_of_fire,
          mainiacjoe_overflow_cross_hatched,
          mainiacjoe_overflow_concentric_impassable, serial_shops, shop, shop,
          shop, grunt_ministairs_7
D:4:      nicolae_cairo_tiling, layout_basic, minmay_temple_entry_waves,
          serial_shops, nicolae_shop_bloodbath_and_beyond, portal_sewer_entry_a,
          uniq_eustachio, uniq_edmund, uniq_crazy_yiuf_cottage
Temple:   oiseaux_autumnal_temple

Skill      XL: |  1  2  3  4  5  6 |
---------------+-------------------+-----
Ranged Weapons | 3 4 5 |  5.6
Dodging        | 3 |  3.8
Invocations    | 1 2 |  2.0
Spellcasting   | 2 |  2.2
Fighting       | |  1.7
Stealth        | |  0.2
Hexes          | |  2.8
Fire Magic     | |  1.1

Action                     |  1- 3 |  4- 6 |  7- 9 || total
---------------------------+-------+-------+-------++-------
   Fire: Sling             |   121 |   152 |    19 ||   292
   Cast: Jinxbite          |     7 |    13 |     1 ||    21
         Sigil of Binding  |       |     2 |     1 ||     3
 Invoke: Heroism           |       |     1 |     1 ||     2
    Use: Scroll            |     9 |     8 |       ||    17
         Potion            |       |     2 |       ||     2
 Armour: Robe              |    42 |    56 |       ||    98
         Skin              |       |    51 |       ||    51
         Leather armour    |       |       |     7 ||     7
  Dodge: Dodged            |    67 |    97 |     5 ||   169
